details: 'BM Harrashement Kodachi - Miguel'

« prev index next »

General information

Mini Map

Players

team 1
Orcmiguel (brown | 46 APM | 2221 actions | 48:05)
Hero icon 8 Blademaster
Ability icon 3 Wind Walk
Ability icon 3 Critical Strike
Ability icon 1 Bladestorm
Ability icon 1 Mirror Image

» actions
Assign group hotkey17
Basic commands4
Build / train97
Enter build submenu26
Enter hero's abilities submenu9
Give item / drop item8
Remove unit from queue3
Right click1291
Select / deselect482
Select group hotkey48
Use ability234
2221 total
» units
Peon8
Raider10
Kodo Beast3
Wind Rider3
Tauren3
Troll Batrider4
31 total
» upgrades
Pillage1
Ensnare1
Armor1
Liquid Fire1
4 total
» buildings
Altar of Storms1
Orc Burrow5
Voodoo Lounge1
War Mill1
Stronghold1
Watch Tower55
Beastiary2
Fortress1
Tauren Totem2
69 total
» build order
00:08 Altar of Storms
00:10 Orc Burrow
00:43 Voodoo Lounge
01:23 War Mill
02:22 Orc Burrow
03:36 Stronghold
03:57 Watch Tower
04:01 Watch Tower
05:37 Watch Tower
06:02 Beastiary
09:58 Orc Burrow
12:24 Fortress
15:07 Watch Tower
15:09 Watch Tower
15:12 Watch Tower
15:13 Watch Tower
16:32 Orc Burrow
18:21 Tauren Totem
21:57 Tauren Totem
22:08 Beastiary
27:28 Orc Burrow
41:18 Watch Tower
42:00 Watch Tower
42:03 Watch Tower
42:03 Watch Tower
42:04 Watch Tower
42:04 Watch Tower
42:04 Watch Tower
42:04 Watch Tower
42:05 Watch Tower
42:06 Watch Tower
42:06 Watch Tower
42:07 Watch Tower
42:07 Watch Tower
42:07 Watch Tower
42:07 Watch Tower
42:08 Watch Tower
42:08 Watch Tower
42:09 Watch Tower
42:09 Watch Tower
42:09 Watch Tower
42:09 Watch Tower
42:10 Watch Tower
42:10 Watch Tower
42:10 Watch Tower
42:11 Watch Tower
42:11 Watch Tower
42:11 Watch Tower
42:12 Watch Tower
42:12 Watch Tower
42:12 Watch Tower
42:13 Watch Tower
42:13 Watch Tower
42:14 Watch Tower
42:14 Watch Tower
42:14 Watch Tower
42:14 Watch Tower
42:15 Watch Tower
42:15 Watch Tower
42:15 Watch Tower
42:15 Watch Tower
42:16 Watch Tower
42:16 Watch Tower
42:16 Watch Tower
42:17 Watch Tower
42:17 Watch Tower
42:18 Watch Tower
42:19 Watch Tower
» items
Healing Salve7
Lesser Clarity Potion9
Scroll of Speed2
Boots of Speed1
Periapt of Vitality1
Staff of Teleportation2
Circlet of Nobility1
Potion of Healing11
Potion of Mana9
Orb of Lightning1
Potion of Lesser Invulnerability2
Tiny Great Hall1
Scroll of Healing1
48 total
team 2
Undeadkodachi (blue | 46 APM | 2061 actions | 44:57)
Hero icon 4 Death Knight
Ability icon 2 Death Coil
Ability icon 1 Death Pact
Ability icon 1 Unholy Aura
Hero icon 2 Dreadlord
Ability icon 1 Sleep
Ability icon 1 Vampiric Aura

» actions
Assign group hotkey23
Basic commands1
Build / train65
Enter build submenu20
Enter hero's abilities submenu6
Remove unit from queue2
Right click1299
Select / deselect440
Select group hotkey98
Use ability107
2061 total
» units
Acolyte5
Ghoul4
Crypt Fiend13
Obsidian Statue1
Meatwagon5
Abomination3
Frost Wyrm2
33 total
» upgrades
Creature Carapace1
Burrow1
Web1
Creature Attack1
Cannibalize1
Freezing Breath1
6 total
» buildings
Altar of Darkness1
Ziggurat8
Graveyard2
Nerubian Tower1
Crypt2
Spirit Tower6
Tomb of Relics1
Halls of the Dead1
Slaughterhouse2
Temple of the Damned1
Black Citadel1
Sacrificial Pit1
Boneyard1
28 total
» build order
00:09 Altar of Darkness
00:14 Ziggurat
00:41 Graveyard
01:01 Ziggurat
01:11 Nerubian Tower
01:29 Ziggurat
01:53 Crypt
02:25 Spirit Tower
03:23 Tomb of Relics
03:44 Spirit Tower
04:30 Ziggurat
04:55 Ziggurat
05:24 Spirit Tower
05:55 Spirit Tower
06:03 Ziggurat
07:05 Halls of the Dead
07:22 Spirit Tower
10:19 Slaughterhouse
10:26 Temple of the Damned
12:54 Black Citadel
13:20 Ziggurat
14:38 Spirit Tower
15:04 Crypt
16:48 Graveyard
18:39 Sacrificial Pit
18:57 Ziggurat
21:20 Boneyard
21:57 Slaughterhouse
» items
Dust of Appearance3
Rod of Necromancy1
Potion of Mana2
Potion of Healing1
7 total